Unix NetHack Version 5.0.0-0 post-release - last build May 17 2026 04:57:42 (dc50c8380fa5e20985bfe3072449f57b8d9895ef,branch:main).

Game began 2026-05-19 16:41:25, ended 2026-05-19 17:16:40.

DaveT, lawful male human Priest

                      -----   $                             -------------
                      |).[*###*#                           #|.....`.....|
         -------      |...|                                #|...........|
         |.....|  ####...^|#################################............|
         |..>..|  #   |...|####  -------------#            #|...........|
         |.....|  #   |...|##    |C.........C|#            #|.....<.....|
         |......###   |...|#     |.....C.....|#           ##-------------
         |..^.*|      -|---#     |...---.-...|#     ########
         |......############     |...| {.|....#######      #
         -------    ###########  |..C|{.{|C..|#            #
                              ###|...|.{.|...|#            #
                                #|...-----...|#            ##
                                #|.....C.....|#############################
                                #|C.........C|       ------- #      ------|--
                                #-------------      |%......|#      ........|
                                ###################@q.......|#####  |.......|
                                                    |...*...|  #####........|
                                                     --------       ---------

DaveT the Adept              St:7 Dx:14 Co:15 In:10 Wi:18 Ch:11  Lawful
Dlvl:9  $:1043 HP:0(56) Pw:98(98) AC:-3 Xp:8 T:6160  Stressed

Latest messages:
 You were wearing a blessed +3 robe.
 What do you want to wear? [bcirHQT or ?*] ?
 You hear crashing rock.
 You finish your dressing maneuver.
 What do you want to wear? [bcrHQT or ?*] b
 You are now wearing a robe.
 The rock mole bites!
 What do you want to wear? [crHQ or ?*] ?
 The rock mole bites!
 You finish your dressing maneuver.
 You feel yourself speed up.
 What do you want to drop? [$a-ce-ilnp-rt-vyzA-EG-NQS-Z or ?*] r
 You drop a +0 pair of high boots.
 The rock mole bites!
 What do you want to wear? [cH or ?*] H
 You finish your dressing maneuver.
 What do you want to wear? [c or ?*] c
 You are now wearing a small shield.
 You miss the rock mole.
 You miss the rock mole.
 You hit the rock mole!
 You kill the rock mole!
 There is a doorway here.
 You see here a rock.
 You see here 7 rocks.
 There is a doorway here.
 You see here a rock.
 You see here a +0 pair of high boots.
 You kill the grid bug!
 You find a hidden door.
 The door opens.
 The bugbear hurls a potion of confusion!
 The vial crashes on your head and breaks into shards.
 The potion of confusion evaporates.
 You feel somewhat dizzy.
 You feel less confused now.
 You miss the bugbear.
 The bugbear hits!
 The bugbear misses!
 You hit the bugbear!
 You kill the bugbear!
 You miss the mumak.
 The mumak butts!
 The mumak misses!
 What do you want to drop? [$a-ce-ilnpqt-vyzA-EG-NQS-Z or ?*] h
 You drop a spellbook of drain life.
 The mumak butts!
 You die...
 Do you want your possessions identified? [ynq] (y) y
 Do you want to see your attributes? [ynq] (y) q

Inventory:
 Coins    ('$')
  $ - 1043 gold pieces
 Amulets  ('"')
  E - an amulet of reflection (being worn)
 Weapons  (')')
  G - 2 +0 daggers
  a - a blessed rusty +5 mace (weapon in left hand)
 Armor    ('[')
  H - a +0 cornuthaum (being worn)
  Q - a +0 pair of speed boots (being worn)
  c - a +0 small shield (being worn)
  T - a +0 mummy wrapping
  b - a blessed +3 robe (being worn)
  i - a +0 banded mail (being worn)
 Comestibles  ('%')
  e - 2 cloves of garlic
  l - 3 food rations
  f - a sprig of wolfsbane
  X - 2 lizard corpses
 Scrolls  ('?')
  v - a scroll of blank paper
  C - 2 scrolls of charging
  u - 2 scrolls of destroy armor
  W - a scroll of enchant weapon
  Z - a scroll of genocide
  g - a cursed scroll of gold detection
 Potions  ('!')
  Y - a potion of confusion
  V - a cursed potion of confusion
  B - a potion of full healing
  y - 2 potions of healing
  N - a potion of object detection
  U - 2 potions of see invisible
  p - a cursed diluted potion of speed
  A - 2 potions of water
 Rings    ('=')
  z - a cursed ring of polymorph
  I - a ring of polymorph control (on left hand)
 Wands    ('/')
  J - a wand of digging (0:5)
  K - a wand of magic missile (0:1)
  t - a cursed wand of magic missile (0:5)
  D - a wand of sleep (0:5)
  n - a wand of teleportation (0:4)
 Tools    ('(')
  S - a magic flute (0:8)
  M - a pair of lenses (being worn)
  q - a skeleton key
  L - a skeleton key

DaveT the Priest's attributes:

Background:
 You were an Adept, a level 8 human Priest.
 You were lawful, on a mission for Lugh
 who was opposed by Brigit (neutral) and Manannan Mac Lir (chaotic).
 You were left-handed.
 You were in the Dungeons of Doom, on level 9.
 You entered the dungeon 6160 turns ago.
 There was a new moon in effect when your adventure ended.
 You had 1782 experience points, 778 more were needed to attain level 9.

Basics:
 You had 0 out of 56 hit points.
 You had all 98 energy points (spell power).
 Your armor class was -3.
 Your wallet contained 1043 zorkmids.
 Autopickup was off.

Final Characteristics:
 Your strength was 7 (peak:11, limit:18/100).
 Your dexterity was 14 (limit:18).
 Your constitution was 15 (limit:18).
 Your intelligence was 10 (limit:18).
 Your wisdom was 18 (limit:18).
 Your charisma was 11 (base:12, limit:18).

Final Status:
 You weren't hungry.
 You were stressed; movement was moderately slowed.
 You were wielding a mace.
 You had expert skill with mace.

Final Attributes:
 You were piously aligned.
 You could have been clairvoyant.
 You were guarded.
 Your spell casting was impaired by metallic armor, mitigated by your robe.
 You had polymorph control.
 You were very fast.
 You had reflection.
 Lugh was angry with you.
 You are dead.

Miscellaneous:
 You didn't encounter any bones levels.
 Total elapsed playing time was 35 minutes and 15 seconds.

Major events:
 Turn
    1: DaveT the lawful human Priest entered the dungeon
  987: attained the rank of Acolyte (level 3)
 1543: entered the Gnomish Mines
 2550: attained the rank of Adept (level 6)
 6160: killed by a mumak

Spells:
 Name                 Level Category     Fail Retention
 light                  1   clerical      31%   61%-70%
 detect monsters        1   divination    31%   51%-75%
 healing                1   healing       13%   71%-80%
 create monster         2   clerical      31%   81%-90%
 drain life             2   attack        80%  76%-100%

Skills:
 Fighting Skills
   bare handed combat [Unskilled]
 Weapon Skills
   club               [Unskilled]
   mace               [Expert]
   morning star       [Unskilled]
   flail              [Unskilled]
   hammer             [Unskilled]
   quarterstaff       [Unskilled]
   polearms           [Unskilled]
   spear              [Unskilled]
   trident            [Unskilled]
   lance              [Unskilled]
   bow                [Unskilled]
   sling              [Unskilled]
   crossbow           [Unskilled]
   dart               [Unskilled]
   shuriken           [Unskilled]
   boomerang          [Unskilled]
   unicorn horn       [Unskilled]
 Spellcasting Skills
   healing spells     [Basic]
   divination spells  [Unskilled]
   clerical spells    [Basic]

Voluntary challenges:
 Character rerolling was not enabled.
 You never genocided any monsters.
 You never polymorphed an object.
 You never changed form.
 You used no wishes.
Achievements:
 You attained the rank of Acolyte.
 You entered the Gnomish Mines.
 You entered a shop.
 You attained the rank of Adept.

 The Dungeons of Doom: levels 1 to 9
    Level 1:
       A fountain, a grave.
    Level 2: "vault"
       A fountain.
    Level 3:
       A fountain.
    Level 4:
       A fountain, a grave.
       Stairs down to The Gnomish Mines.
    Level 5: "vault"
       A general store.
    Level 6:
    Level 7: "vault door in S"
    Level 8: "vault"
       An altar to Lugh.
    Level 9: <- You were here.
       Many fountains.
       Final resting place for
          you, killed by a mumak.
 The Gnomish Mines: levels 5 to 6
    Level 5:
    Level 6:


Vanquished creatures:
 an elf mummy
  a leather golem
  a giant beetle
  a leprechaun
 an ice vortex
  a black light
  2 gnome rulers
 an orc mummy
  2 lizards
  a dingo
  a dog
  a housecat
  a plains centaur
  a snake
  3 apes
  4 fire ants
  2 bugbears
  a quasit
  a mountain nymph
  a Mordor orc
  a rock piercer
  3 rock moles
  2 fog clouds
  a yellow light
  a shrieker
  a violet fungus
  a gnome leader
  2 gray oozes
  a ghoul
  3 giant ants
  a little dog
  a floating eye
  a homunculus
  a kobold leader
 29 hill orcs
  a centipede
  2 giant bats
  a werejackal
  2 iguanas
  4 killer bees
 an acid blob
  5 coyotes
  a gas spore
  a manes
  8 cave spiders
  a yellow mold
  a green mold
  7 gnomes
 10 garter snakes
  a gnome zombie
  7 geckos
  7 jackals
  a fox
  a kobold
  2 goblins
  5 grid bugs
  4 lichens
  a kobold zombie
  9 newts
160 creatures vanquished.

No species were genocided or became extinct.

Game over:
                       ----------
                      /          \
                     /    REST    \
                    /      IN      \
                   /     PEACE      \
                  /                  \
                  |      DaveT       |
                  |     1043 Au      |
                  |   killed by a    |
                  |      mumak       |
                  |                  |
                  |                  |
                  |       2026       |
                 *|     *  *  *      | *
        _________)/\\_//(\/(/\)/\//\/|_)_______

Goodbye DaveT the Priest...

You died in The Dungeons of Doom on dungeon level 9 with 8547 points,
and 1043 pieces of gold, after 6160 moves.
You were level 8 with a maximum of 56 hit points when you died.

